 Dungeon Crawl Stone Soup version 0.29.1-12-g30fa7ad0bf (webtiles) character file.

Game seed: 3506339942282535693

2629 FexLirch the Thaumaturge (level 9, -10/55 HPs)
             Began as a Djinni Necromancer on Dec 17, 2022.
             Mangled by an orc warrior
             ... wielding a +0 battleaxe
              (30 damage)
             ... in a bailey.
             The game lasted 00:28:10 (7063 turns).

FexLirch the Thaumaturge (Djinni Necromancer)       Turns: 7063, Time: 00:28:11

Health: -10/55     AC:  9    Str:  7    XL:     9   Next: 92%
Gold:   341        EV: 11    Int: 33    God:
                   SH:  0    Dex: 14

rFire   + + .      SeeInvis .   C - +3 whip (elec)
rCold   x . .      Faith    .   (no shield)
rNeg    . . .      Spirit   .   M - +0 acid dragon scales
rPois   ∞          Reflect  .   (no helmet)
rElec   .          Harm     .   J - +2 cloak
rCorr   +          Rampage  .   (no gloves)
Will    .....                   (boots unavailable)
Stlth   ++........              (no amulet)
HPRegen 0.18/turn               y - +6 ring of intelligence
MPRegen 0.00/turn               q - +6 ring of intelligence

@: animating dead, flying
A: sickness immunity, fire resistance 2, cold vulnerability 1, float, innate
caster, HP casting, extra vitality 1
a: no special abilities


You were in a bailey.
You visited 1 branch of the dungeon, and saw 7 of its levels.
You also visited: Sewer and Bailey.

You collected 341 gold pieces.

Inventory:

Hand Weapons
 b - a +0 club
 j - a +0 short sword
 o - a +1 vampiric dagger
 C - a +3 whip of electrocution (weapon)
Armour
 c - a +0 leather armour
 J - a +2 cloak (worn)
 M - +0 acid dragon scales (worn)
 O - a +2 helmet of see invisible
Jewellery
 g - a ring of protection from cold
 k - a +4 ring of slaying
 p - a ring of wizardry
 q - a +6 ring of intelligence (right hand)
 x - a ring of willpower
 y - a +6 ring of intelligence (left hand)
Wands
 i - a wand of light (13)
Scrolls
 e - 3 scrolls of teleportation
 f - 2 scrolls of vulnerability {unknown}
 h - 2 scrolls of poison {unknown}
 l - 2 scrolls of noise {unknown}
 m - a scroll of enchant armour
 r - a scroll of silence {unknown}
 t - a scroll of brand weapon {unknown}
 u - a scroll of amnesia {unknown}
 v - a scroll of summoning {unknown}
 w - 2 scrolls of fear {unknown}
 B - a scroll of torment {unknown}
 D - a scroll of magic mapping {unknown}
 E - 3 scrolls of butterflies {unknown}
 H - a scroll of identify
 K - a scroll of blinking {unknown}
 N - a scroll of enchant weapon
Potions
 a - a potion of magic {unknown}
 d - 4 potions of cancellation
 n - 3 potions of heal wounds
 s - 2 potions of curing {unknown}
 z - a potion of ambrosia {unknown}
 A - a potion of mutation {unknown}
 F - a potion of haste {unknown}
 G - a potion of might {unknown}
 I - 3 potions of lignification {unknown}
 L - a potion of invisibility {unknown}


   Skills:
 - Level 2.7 Dodging
 - Level 2.0 Stealth
 + Level 10.3 Spellcasting


You had 6 spell levels left.
You knew the following spells:

 Your Spells              Type           Power      Damage    Failure   Level
a - Necrotise             Necr           100%       1d9       1%          1
b - Vampiric Draining     Necr           71%        2d11      1%          3
c - Animate Dead          Necr           71%        N/A       1%          4
d - Agony                 Necr           71%        N/A       1%          5
e - Magic Dart            Conj           100%       1d8       1%          1
f - Scorch                Fire           100%       2d10      1%          2
g - Stone Arrow           Conj/Erth      100%       3d13      1%          3
h - Gell's Gravitas       Tloc           71%        N/A       1%          3
Your spell library was empty.

Dungeon Overview and Level Annotations

Branches:
Dungeon (7/15)              Sewer (visited)          Bailey (1/1)
 Temple: D:4-7

Altars:
Trog
Wu Jian
Xom
Yredelemnul

Shops:
D:2 :

Annotations:
D:4 Sigmund


Innate Abilities, Weirdness & Mutations

You are immune to sickness and miasma.
You are immune to poison.
Your flesh is very heat resistant. (rF++)
You are vulnerable to cold. (rC-)
You float through the air rather than walking.
You learn spells naturally, not from books.
Your magical power is your life essence.
You have superior vitality. (+4 MHP)


Message History

You kill the goblin!
The orc warrior collides with the orc knight!
The gnoll collides with the orc knight!
The gnoll is heavily wounded.
Unknown command.
Unknown command.
The orc warrior hits your gnoll zombie with a +0 battleaxe!!
Your gnoll zombie is destroyed!
Casting: Gell's Gravitas (safe; 1% risk of failure)
Confirm with . or Enter, or press ? or * to list all spells.
You dismiss your zombies and call upon the dead to rise afresh.
Your kobold zombie crumbles into dust! x2
Casting: Animate Dead (dangerous; 1% risk of failure)
Confirm with . or Enter, or press ? or * to list all spells.
Okay, then.
Unknown command.
A goblin comes into view. It is wielding a +0 hand axe.
The orc warrior no longer looks unusually strong.
The orc warrior attacks as you move away!
The orc warrior barely misses you.
There is an open door here.
You see here 2 boomerangs.
You see here a boomerang.
The orc warrior attacks as you move away!
The orc warrior hits you but does no damage.
Things that are here:
a +0 hand axe; a +0 leather armour The orc warrior attacks as you move away!
The orc warrior hits you with a +0 battleaxe!
Things that are here:
a +0 hand axe; a +0 leather armour The orc knight roars a battlecry!
The orc warrior goes into a battle-frenzy!
You hear a shout!
Things that are here:
a +0 hand axe; a +0 leather armour The orc warrior attacks as you move away!
The orc warrior hits you with a +0 battleaxe!!
Ouch! That really hurt!
You die...

#############.
####.......(.....
##........(.(#
##.......)o#(##
#.....⌠.)..#..#
#......o###.o# g
###...(@#.'.g####'## .
#####.....(###....)g.g .
≈≈≈≈≈≈≈≈.))..#..####'#### .
##≈≈≈≈≈≈≈(≈.(####.......###
###....~≈≈≈≈≈≈∩#.og!...#∩≈
##.......≈≈≈≈#########≈≈
##........≈≈≈≈≈≈≈≈≈≈≈≈≈
###........≈≈≈≈≈≈≈≈≈##
####...(.........##


You could see an orc knight and an orc warrior (strong).

Vanquished Creatures
  Pikel (D:5)
  Maggie (D:7)
  Eustachio (D:6)
  2 water moccasins (D:6)
  Pargi (Sewer)
  2 black bears (D:6)
  A lemure (D:4)
  4 phantoms
  A kobold brigand (D:7)
  4 scorpions
  A necrophage (D:4)
  A howler monkey (D:5)
  4 hounds
  An orc priest (D:6)
  A jelly (D:6)
  3 iguanas
  2 orc wizards (D:6)
  A scorpion zombie (D:4)
  2 hound zombies (D:4)
  3 adders
  2 gnolls (Bailey)
  A white imp (D:6)
  An ufetubus (D:7)
  4 dart slugs
  9 orcs
  6 ball pythons
  5 bats
  6 endoplasms
  5 giant cockroaches
  8 hobgoblins
  6 jackals
  2 quokkas (D:1)
  18 frilled lizards
  A frilled lizard zombie (Sewer)
  6 goblins
  23 kobolds
  A rat (D:1)
141 creatures vanquished.

Vanquished Creatures (collateral kills)
  A bullfrog zombie (D:4)
  An orc wizard (D:6)
  An orc zombie (D:6)
  An orc (D:5)
  A ball python (Sewer)
  A bat (D:2)
  5 frilled lizards
  3 kobolds (Bailey)
  A rat (D:2)
15 creatures vanquished.

Vanquished Creatures (others)
  2 gnoll zombies (Bailey)
  A ball python zombie (Sewer)
  A frilled lizard zombie (Sewer)
  A goblin zombie (Bailey)
  2 jackal zombies (D:5)
  4 kobold zombies (Bailey)
  7 plants (D:3)
18 creatures vanquished.

Grand Total: 174 creatures vanquished

Notes
Turn   | Place    | Note
-------+----------+-------------------------------------------
     0 | D:1      | FexLirch the Djinni Necromancer began the quest for the
                  | Orb.
     0 | D:1      | FexLirch set off with the following spells memorised:
                  | Necrotise, Vampiric Draining, Animate Dead, Agony.
     0 | D:1      | Reached XP level 1. HP: 15/15 MP: 0/0
   167 | D:1      | Reached XP level 2. HP: 17/21 MP: 0/0
   615 | D:1      | Reached XP level 3. HP: 23/25 MP: 0/0
   615 | D:1      | Learned a level 1 spell: Magic Dart
   638 | D:1      | Found a faded altar of an unknown god.
  1594 | D:2      | Reached XP level 4. HP: 19/31 MP: 0/0
  1614 | D:2      | Reached skill level 4 in Spellcasting
  2008 | D:2      | Found Coseyhag's Book Boutique.
  2641 | D:3      | Reached XP level 5. HP: 17/35 MP: 0/0
  2641 | D:3      | Learned a level 2 spell: Scorch
  3326 | D:4      | Noticed a phantom
  3330 | D:4      | Killed a phantom
  3331 | D:4      | Reached skill level 5 in Spellcasting
  3331 | D:4      | Reached XP level 6. HP: 36/40 MP: 0/0
  3621 | D:4      | Noticed Sigmund
  3837 | D:4      | Reached skill level 6 in Spellcasting
  3837 | D:4      | Reached XP level 7. HP: 39/45 MP: 0/0
  3837 | D:4      | Learned a level 3 spell: Stone Arrow
  4151 | D:4      | Found a basalt altar of Yredelemnul.
  4283 | D:5      | Entered Level 5 of the Dungeon
  4647 | D:5      | Noticed Pikel
  4651 | D:5      | Killed Pikel
  4652 | D:5      | Reached skill level 8 in Spellcasting
  4652 | D:5      | Reached XP level 8. HP: 23/50 MP: 0/0
  4662 | D:5      | Found a glowing drain.
  4672 | Sewer    | Entered a sewer
  4881 | Sewer    | Noticed Pargi
  4894 | Sewer    | Killed Pargi
  5356 | D:5      | Reached XP level 9. HP: 49/55 MP: 0/0
  5356 | D:5      | Learned a level 3 spell: Gell's Gravitas
  5411 | D:6      | Found an ornate altar of the Wu Jian Council.
  5571 | D:6      | Reached skill level 9 in Spellcasting
  5604 | D:6      | Found a shimmering altar of Xom.
  5657 | D:6      | Noticed Eustachio
  5663 | D:6      | Killed Eustachio
  5944 | D:6      | Found a bloodstained altar of Trog.
  6636 | D:7      | Noticed Maggie
  6648 | D:7      | Killed Maggie
  6649 | D:7      | Reached skill level 10 in Spellcasting
  6917 | D:7      | Found a flagged portal.
  6954 | Bailey   | Entered a bailey
  7045 | Bailey   | Noticed an orc knight
  7063 | Bailey   | Mangled by an orc warrior

Illustrated notes

Levels and vault maps discovered:
D:1:      dpeg_arrival_rooms_c, layout_loops_corners,
          hellmonk_ecumenical_altar_inner_sanctum, chequers_garden
D:2:      layout_rooms, serial_shops, shop
D:3:      layout_loops_ring, minmay_lizard_king
D:4:      kennysheep_goblin_castle, layout_basic,
          nicolae_yredelemnul_corpse_copse, hex_large, grunt_decor_arrowhead,
          uniq_sigmund
D:5:      layout_loops_ring, portal_sewer_entry_d, uniq_pikel
D:6:      layout_layer_cave, trog_ov_bears_minmay, nzn_wu_jian_council_hall,
          amcnicky_altar_gilded, hangedman_decor_clover_reticule,
          minmay_misc_feat_four_crosses, uniq_eustachio
D:7:      layout_gridville, mainiacjoe_overflow_alcove_2,
          minmay_temple_entry_grid, enter_bailey_8, uniq_maggie
Bailey:   bailey_axe_4, bailey

Skill      XL: |  1  2  3  4  5  6  7  8  9 |
---------------+----------------------------+-----
Stealth        | 2 |  2.0
Spellcasting   | 4 5 6 8 10 | 10.3
Dodging        | |  2.7

Action                   |  1- 3 |  4- 6 |  7- 9 || total
-------------------------+-------+-------+-------++-------
Melee: Club              |     3 |       |       ||     3
       Short sword       |     2 |     2 |       ||     4
       Dagger            |       |     9 |     2 ||    11
       Whip              |       |       |    13 ||    13
 Cast: Necrotise         |    58 |    45 |    19 ||   122
       Vampiric Draining |       |     8 |    29 ||    37
       Scorch            |       |    10 |    14 ||    24
       Magic Dart        |       |    12 |    36 ||    48
       Animate Dead      |       |     1 |     7 ||     8
       Stone Arrow       |       |       |    30 ||    30
       Gell's Gravitas   |       |       |     6 ||     6
  Use: Scroll            |       |       |    11 ||    11
       Potion            |       |       |     1 ||     1
 Stab: Sleeping          |       |     2 |     1 ||     3
Armor: Robe              |     4 |     1 |     6 ||    11
       Leather armour    |       |       |     4 ||     4
       Acid dragon scale |       |       |     5 ||     5
Dodge: Dodged            |    10 |    19 |    37 ||    66
